 Dungeon Crawl Stone Soup version 0.30.0-2-g1aa4bd4387 (webtiles) character file.

Game seed: 538987623408009455

86 Foic the Ruffian (level 4, -2/45 HPs)
             Began as a Troll Berserker on May 7, 2023.
             Was a Believer of Trog.
             Slain by a gnoll
             ... wielding a +0 halberd
              (8 damage)
             ... while paralysed
             ... on level 3 of the Dungeon.
             The game lasted 00:15:43 (1560 turns).

Foic the Ruffian (Troll Berserker)                  Turns: 1560, Time: 00:15:43

Health: -2/45      AC:  5    Str: 24 (27) XL:     4   Next: 26%
Magic:  3/3        EV:  1    Int:  0 (3)  God:    Trog [**....]
Gold:   192        SH:  0    Dex:  7 (9)  Spells: 3/3 levels left

rFire   . .          .
                       - Unarmed
rCold   . . .        (no shield)
rNeg    . . .        a - +0 animal skin
rPois   .            (helmet restricted)
rElec   .            b - +0 cloak
rCorr   .            (gloves unavailable)
SInv    .            (boots unavailable)
Will    .....        (no amulet)
Stlth   +            h - ring of wizardry
HPRegen 1.07/turn    (no ring)
MPRegen 0.08/turn

%: wizardry (x1)
@: paralysed, slowed, lost intelligence, unable to read
A: large, unfitting armour, claws 3, regeneration 1, shaggy fur 1, tough skin 1
a: Renounce Religion, Berserk, Trog's Hand


You were on level 3 of the Dungeon.
You worshipped Trog.
Trog was pleased with you.
You visited 1 branch of the dungeon, and saw 3 of its levels.

You collected 192 gold pieces.

Inventory:

Hand Weapons
 d - a +0 sling
Missiles
 f - 24 stones (quivered)
Armour
 a - a +0 animal skin (worn)
 b - a +0 cloak (worn)
 k - the +0 leather armour of the Present {Rampage Will+ MP+9}
   (You found it on level 2 of the Dungeon)

   MP:        It affects your magic capacity (+9).
   Rampage:   It bestows one free step when moving towards enemies.
   Will:      It increases your willpower.
Jewellery
 h - a ring of wizardry (left claw)
Scrolls
 c - a scroll of silence {unknown}
 e - 4 scrolls of identify {unknown}
 g - a scroll of enchant armour {unknown}
 i - 2 scrolls of immolation {unknown}
 j - 2 scrolls of enchant weapon {unknown}
 m - a scroll of teleportation {unknown}
 q - a scroll of fear {unknown}
 r - a scroll of torment {unknown}


   Skills:
 + Level 3.1 Fighting
 + Level 3.1 Dodging
 + Level 3.8 Unarmed Combat


You had 3 spell levels left.
You didn't know any spells.
Your spell library contained the following spells:

 Spells                   Type           Power      Damage    Failure   Level
 Necrotise                Necr           0%         1d4       28%         1
 Vampiric Draining        Necr           0%         2d6       63%         3
 Agony                    Necr           0%         N/A       100%        5


Dungeon Overview and Level Annotations

Branches:
Dungeon (3/15)

Altars:
Hepliaklqana
Sif Muna


Innate Abilities, Weirdness & Mutations

You are too large for most types of armour.
You have claws for hands.
Your natural rate of healing is unusually fast.
You are covered in fur. (AC +1)
You have tough skin. (AC +1)


Message History

The adder is severely wounded.
The adder bites you but does no damage.
You closely miss the adder. You claw the adder.
You kill the adder!
Trog accepts your kill.
A gnoll comes into view. It is wielding a +0 halberd.
You see here an adder corpse.
A gnoll comes into view. It is wielding a +0 halberd.
The gnoll shouts! x2; You hear a shout! x2
An orc comes into view. It is wielding a +0 mace.
You see here an adder corpse.
The gnoll hits you from afar with a +0 halberd!
The gnoll hits you with a +0 halberd. The gnoll closely misses you.
You barely miss the gnoll. The gnoll hits you with a +0 halberd!
The gnoll hits you from afar with a +0 halberd!
The gnoll hits you but does no damage.
It was a potion of lignification.
You turn into a tree.
Your +0 cloak melds into your body.
Your +0 animal skin melds into your body.
Your roots penetrate the ground.
The gnoll hits you but does no damage.
You cannot move.
It was a potion of invisibility.
You fade into invisibility!
The gnoll hits you from afar with a +0 halberd.
It was a potion of cancellation.
Your magical effects are unravelling.
You feel magically purged.
You feel less wooden.
Your +0 cloak unmelds from your body.
Your +0 animal skin unmelds from your body.
You flicker back into view.
The gnoll hits you from afar with a +0 halberd!
* * * LOW HITPOINT WARNING * * *
It was a potion of degeneration.
There was something very wrong with that liquid.
You feel weakened.
You feel dopey.
You have lost your intelligence.
You feel clumsy. The gnoll hits you but does no damage.
The gnoll hits you from afar with a +0 halberd!
You die...

........†...#####..#..8#..≈)#.#
#####'##....# #..##..######.# #
#....# #...#########.# #....#
#...........#.# #....#
#..g........#.# #....+
+..g.......)'.. .....#
#..........†#.#
############.#########+#
.......@.gg..# ...
.############# ... ... ... ...
### . ##


You could see 2 gnolls.

Vanquished Creatures
  3 adders
  2 worms
  A dart slug (D:1)
  6 bats
  4 endoplasms
  2 giant cockroaches
  3 goblins
  4 hobgoblins
  5 jackals
  7 ball pythons
  3 frilled lizards
  5 kobolds
  5 rats
50 creatures vanquished.

Vanquished Creatures (others)
  An orc wizard (D:3)
  5 toadstools (D:1)
6 creatures vanquished.

Grand Total: 56 creatures vanquished

Notes
Turn   | Place    | Note
-------+----------+-------------------------------------------
     0 | D:1      | Foic the Troll Berserker began the quest for the Orb.
     0 | D:1      | Reached XP level 1. HP: 22/22 MP: 0/0
   226 | D:1      | Reached XP level 2. HP: 28/29 MP: 1/1
   373 | D:1      | Found a faded altar of an unknown god.
   400 | D:1      | Found a faded altar of an unknown god.
   652 | D:2      | Reached ** piety under Trog
   718 | D:2      | Identified the +0 leather armour of the Present {Rampage
                  | Will+ MP+9}
   735 | D:2      | You fall into a shaft and drop 1 floor!
   761 | D:3      | Reached XP level 3. HP: 36/36 MP: 2/2
  1027 | D:2      | Found a hazy altar of Hepliaklqana.
  1470 | D:3      | Reached XP level 4. HP: 44/45 MP: 3/3
  1483 | D:3      | Found a shimmering blue altar of Sif Muna.
  1559 | D:3      | Lost intelligence.
  1560 | D:3      | Slain by a gnoll

Illustrated notes

Levels and vault maps discovered:
D:1:      ldierk_walled_garden, layout_rooms,
          hellmonk_ecumenical_altar_the_god_not_taken,
          amcnicky_mini_rare_corridor_liquid, minmay_stone_trees_large
D:2:      minmay_chambers_of_ones, layout_rooms, basic_altar,
          chequers_serial_rivers_marsh
D:3:      layout_basic, kennysheep_ying_yang, led_sif_book, uniq_sigmund

Skill      XL: |  1  2  3 |
---------------+----------+-----
Dodging        | 3 |  3.1
Fighting       | 3 |  3.1
Unarmed Combat | |  3.8

Action                     |  1- 3 |  4- 6 || total
---------------------------+-------+-------++-------
  Melee: Unarmed           |    98 |     9 ||   107
         Punch             |     1 |     1 ||     2
  Throw: Stone             |     7 |       ||     7
    Use: Potion            |       |     4 ||     4
   Stab: Sleeping          |     2 |       ||     2
 Armour: Animal skin       |    40 |     7 ||    47
         Skin              |       |     1 ||     1
  Dodge: Dodged            |    69 |     4 ||    73
